TOP OF THE 1ST |
District 9 Prawns batting - Pitching for Texarkana Bears : RHP Álex Rodríguez
|
Pitching: RHP Álex Rodríguez
|
|
Batting: SHB Félix Montoya
|
0-0: Called Strike 0-1: Swinging Strike 0-2: Ball 1-2: Foul Ball, location: 2F 1-2: Ball 2-2: Hit by Pitch
|
Batting: RHB José Colón
|
0-0: Ball 1-0: Grounds into double play, 6-4-3 (Groundball, 6)
|
Batting: LHB Leonard Young
|
0-0: Ball 1-0: Swinging Strike 1-1: Foul Ball, location: 2F 1-2: Strikes out swinging
|
Top of the 1st over - 0 run(s), 0 hit(s), 0 error(s), 0 left on base; District 9 0 - Texarkana 0 |
BOTTOM OF THE 1ST |
Texarkana Bears batting - Pitching for District 9 Prawns : LHP Pedro Valdés
|
Pitching: LHP Pedro Valdés
|
|
Batting: LHB Guy Moss
|
0-0: Ground out 4-3 (Groundball, 34D)
|
Batting: RHB Steve Garneys
|
0-0: Called Strike 0-1: SINGLE (Flyball, 89S)
|
Batting: RHB Gilberto López
|
0-0: Called Strike 0-1: Ball 1-1: Ball 2-1: Foul Ball, location: 2F 2-2: Fly out, F8 (Flyball, 8LM)
|
Batting: RHB Michael Barraclough
|
0-0: Ball 1-0: Ball 2-0: Swinging Strike 2-1: Ball 3-1: Called Strike 3-2: Foul Ball, location: 2F 3-2: 2-RUN HOME RUN (Flyball, 78XD), Distance : 427 ft
|
Batting: RHB Billy Campbell
|
0-0: Called Strike 0-1: Fly out, F8 (Flyball, 8LM)
|
Bottom of the 1st over - 2 run(s), 2 hit(s), 0 error(s), 0 left on base; District 9 0 - Texarkana 2 |
TOP OF THE 2ND |
District 9 Prawns batting - Pitching for Texarkana Bears : RHP Álex Rodríguez
|
Batting: SHB Rick Turner
|
0-0: Foul Ball, location: 2F 0-1: Ball 1-1: Ball 2-1: Called Strike 2-2: Ball 3-2: Foul Ball, location: 2F 3-2: Foul Ball, location: 2F 3-2: DOUBLE (Line Drive, 78XD)
|
Batting: LHB Terry Simpson
|
0-0: Foul Ball, location: 2F 0-1: Ball 1-1: Ball 2-1: Ground out 4-3 (Groundball, 34D) Rick Turner to third
|
Batting: RHB Felipe Jareño
|
0-0: Foul Ball, location: 2F 0-1: Ball 1-1: TRIPLE (Flyball, 89D) Rick Turner scores
|
Batting: LHB Donnie Cunningham
|
0-0: Swinging Strike 0-1: Ball 1-1: Fly out, F7 (Flyball, 78M)
|
Batting: LHB Leonard Harvey
|
0-0: Ball 1-0: Foul Ball, location: 2F 1-1: Called Strike 1-2: Ball 2-2: Ball 3-2: Foul Ball, location: 2F 3-2: SINGLE (Groundball, 4MD) Felipe Jareño scores
|
Batting: RHB Phil Jacobs
|
0-0: Ball 1-0: Ball 2-0: Ball 3-0: Base on Balls Leonard Harvey to second
|
Batting: SHB Félix Montoya
|
0-0: Ball 1-0: Foul Ball, location: 2F 1-1: Ball 2-1: Fly out, F2 (Popup, 5S)
|
Top of the 2nd over - 2 run(s), 3 hit(s), 0 error(s), 2 left on base; District 9 2 - Texarkana 2 |
BOTTOM OF THE 2ND |
Texarkana Bears batting - Pitching for District 9 Prawns : LHP Pedro Valdés
|
Batting: RHB Juan Rico
|
0-0: Ball 1-0: Foul Ball, location: 2F 1-1: SINGLE (Groundball, 6D)
|
Batting: LHB Tom Mullins
|
0-0: Called Strike 0-1: Foul Ball, location: 2F 0-2: Ball 1-2: Fly out, F7 (Flyball, 7LSF)
|
Batting: RHB Tony Reyes
|
0-0: Foul Ball, location: 2F 0-1: Called Strike 0-2: Ball 1-2: Ball 2-2: Fly out, F9 (Flyball, 9)
|
Batting: RHB Lu-fang Huie
|
0-0: Called Strike 0-1: Called Strike 0-2: Ball 1-2: Ball 2-2: Fly out, F7 (Line Drive, 7D)
|
Bottom of the 2nd over - 0 run(s), 1 hit(s), 0 error(s), 1 left on base; District 9 2 - Texarkana 2 |
TOP OF THE 3RD |
District 9 Prawns batting - Pitching for Texarkana Bears : RHP Álex Rodríguez
|
Batting: RHB José Colón
|
0-0: Ball 1-0: Swinging Strike 1-1: Ball 2-1: Ball 3-1: Foul Ball, location: 2F 3-2: Strikes out swinging
|
Batting: LHB Leonard Young
|
0-0: Called Strike 0-1: Ball 1-1: Ball 2-1: Called Strike 2-2: Ground out U3 (Groundball, 3)
|
Batting: SHB Rick Turner
|
0-0: Ball 1-0: Called Strike 1-1: Ground out 6-3 (Groundball, 6)
|
Top of the 3rd over - 0 run(s), 0 hit(s), 0 error(s), 0 left on base; District 9 2 - Texarkana 2 |
BOTTOM OF THE 3RD |
Texarkana Bears batting - Pitching for District 9 Prawns : LHP Pedro Valdés
|
Batting: LHB Guy Moss
|
0-0: Foul Ball, location: 2F 0-1: Swinging Strike 0-2: Ball 1-2: TRIPLE (Line Drive, 7D)
|
Batting: RHB Steve Garneys
|
0-0: Ball 1-0: Swinging Strike 1-1: Foul Ball, location: 2F 1-2: SINGLE (Groundball, 3D) Guy Moss scores
|
Batting: RHB Gilberto López
|
0-0: Ball 1-0: Fly out, F8 (Flyball, 8LS)
|
Batting: RHB Michael Barraclough
|
0-0: Called Strike Steve Garneys steals 2nd base 0-1: Swinging Strike 0-2: Foul Ball, location: 2F 0-2: Fly out, F3 (Popup, 3L)
|
Batting: RHB Billy Campbell
|
0-0: Ball 1-0: Ball 2-0: 2-RUN HOME RUN (Flyball, 7D), Distance : 413 ft
|
Batting: RHB Juan Rico
|
0-0: Ball 1-0: Ground out 6-3 (Groundball, 6)
|
Bottom of the 3rd over - 3 run(s), 3 hit(s), 0 error(s), 0 left on base; District 9 2 - Texarkana 5 |
TOP OF THE 4TH |
District 9 Prawns batting - Pitching for Texarkana Bears : RHP Álex Rodríguez
|
Batting: LHB Terry Simpson
|
0-0: Ball 1-0: Swinging Strike 1-1: Ball 2-1: Foul Ball, location: 2F 2-2: Ball 3-2: Base on Balls
|
Batting: RHB Felipe Jareño
|
0-0: SINGLE (Groundball, 34D) Terry Simpson to second
|
Batting: LHB Donnie Cunningham
|
0-0: Ground out 6-3 (Groundball, 56D) Terry Simpson to third Felipe Jareño to second
|
Batting: LHB Leonard Harvey
|
0-0: Ball 1-0: Swinging Strike 1-1: Ball 2-1: Fly out, F9 (Line Drive, 9D) Runner from 3rd tags up, SCORES, no throw
|
Batting: RHB Phil Jacobs
|
0-0: Swinging Strike 0-1: Ball 1-1: Ball 2-1: Swinging Strike 2-2: Strikes out swinging
|
Top of the 4th over - 1 run(s), 1 hit(s), 0 error(s), 1 left on base; District 9 3 - Texarkana 5 |
BOTTOM OF THE 4TH |
Texarkana Bears batting - Pitching for District 9 Prawns : LHP Pedro Valdés
|
Batting: LHB Tom Mullins
|
0-0: Ball 1-0: Foul Ball, location: 2F 1-1: Fly out, F7 (Flyball, 7D)
|
Batting: RHB Tony Reyes
|
0-0: Called Strike 0-1: Bunted foul 0-2: Fly out, F3 (Line Drive, 34)
|
Batting: RHB Lu-fang Huie
|
0-0: Ball 1-0: Foul Ball, location: 2F 1-1: Swinging Strike 1-2: DOUBLE (Flyball, 78M)
|
Batting: LHB Guy Moss
|
0-0: Ground out 4-3 (Groundball, 4)
|
Bottom of the 4th over - 0 run(s), 1 hit(s), 0 error(s), 1 left on base; District 9 3 - Texarkana 5 |
TOP OF THE 5TH |
District 9 Prawns batting - Pitching for Texarkana Bears : RHP Álex Rodríguez
|
Batting: SHB Félix Montoya
|
0-0: Ball 1-0: Called Strike 1-1: SINGLE (Groundball, 6MD)
|
Batting: RHB José Colón
|
0-0: Ball 1-0: Called Strike 1-1: Ball 2-1: Ground out 5-3 (Groundball, 56S) Félix Montoya to second
|
Batting: LHB Leonard Young
|
0-0: Called Strike 0-1: Swinging Strike 0-2: Ball 1-2: 2-RUN HOME RUN (Flyball, 89XD), Distance : 400 ft
|
Pitching: RHP Ralph Willaims
|
|
Batting: SHB Rick Turner
|
0-0: Ball 1-0: Ball 2-0: Foul Ball, location: 2F 2-1: Called Strike 2-2: Strikes out swinging
|
Batting: LHB Terry Simpson
|
0-0: Ball 1-0: Called Strike 1-1: Ball 2-1: Ball 3-1: Foul Ball, location: 2F 3-2: Foul Ball, location: 2F 3-2: Foul Ball, location: 2F 3-2: Fly out, F7 (Flyball, 7)
|
Top of the 5th over - 2 run(s), 2 hit(s), 0 error(s), 0 left on base; District 9 5 - Texarkana 5 |
BOTTOM OF THE 5TH |
Texarkana Bears batting - Pitching for District 9 Prawns : LHP Pedro Valdés
|
Pitching: RHP Lee Hecker
|
|
Batting: RHB Steve Garneys
|
0-0: Called Strike 0-1: Ball 1-1: Ball 2-1: Foul Ball, location: 2F 2-2: Strikes out looking
|
Batting: RHB Gilberto López
|
0-0: Foul Ball, location: 2F 0-1: Ball 1-1: Called Strike 1-2: Ball 2-2: Foul Ball, location: 2F 2-2: Foul Ball, location: 2F 2-2: SINGLE (Groundball, 56S) (infield hit)
|
Batting: RHB Michael Barraclough
|
0-0: Called Strike 0-1: Ball 1-1: Grounds into double play, 4-6-3 (Groundball, 4)
|
Bottom of the 5th over - 0 run(s), 1 hit(s), 0 error(s), 0 left on base; District 9 5 - Texarkana 5 |
TOP OF THE 6TH |
District 9 Prawns batting - Pitching for Texarkana Bears : RHP Ralph Willaims
|
Batting: RHB Felipe Jareño
|
0-0: Ball 1-0: Ball 2-0: Foul Ball, location: 2F 2-1: Foul Ball, location: 2F 2-2: Foul Ball, location: 2F 2-2: Ball 3-2: Foul Ball, location: 2F 3-2: Foul Ball, location: 2F 3-2: Base on Balls
|
Batting: LHB Donnie Cunningham
|
0-0: Swinging Strike 0-1: Foul Ball, location: 2F 0-2: Foul Ball, location: 2F 0-2: Ball 1-2: Ball 2-2: Fly out, F9 (Flyball, 89S)
|
Batting: LHB Leonard Harvey
|
0-0: Called Strike 0-1: Ball 1-1: Grounds into double play, 6-4-3 (Groundball, 6M)
|
Top of the 6th over - 0 run(s), 0 hit(s), 0 error(s), 0 left on base; District 9 5 - Texarkana 5 |
BOTTOM OF THE 6TH |
Texarkana Bears batting - Pitching for District 9 Prawns : RHP Lee Hecker
|
Batting: RHB Billy Campbell
|
0-0: Called Strike 0-1: Fly out, F8 (Flyball, 8RS)
|
Batting: RHB Juan Rico
|
0-0: Called Strike 0-1: Ball 1-1: Ball 2-1: Called Strike 2-2: Ground out 4-3 (Groundball, 4)
|
Batting: LHB Tom Mullins
|
0-0: Swinging Strike 0-1: Swinging Strike 0-2: Strikes out looking
|
Bottom of the 6th over - 0 run(s), 0 hit(s), 0 error(s), 0 left on base; District 9 5 - Texarkana 5 |
TOP OF THE 7TH |
District 9 Prawns batting - Pitching for Texarkana Bears : RHP Ralph Willaims
|
Batting: RHB Phil Jacobs
|
0-0: Ball 1-0: Foul Ball, location: 2F 1-1: Called Strike 1-2: Ball 2-2: Ground out 4-3 (Groundball, 34)
|
Batting: SHB Félix Montoya
|
0-0: Called Strike 0-1: Foul Ball, location: 2F 0-2: Ground out U3 (Groundball, 3)
|
Pinch Hitting: LHB Mike Davis
|
0-0: Called Strike 0-1: SINGLE (Groundball, 3D)
|
Batting: LHB Leonard Young
|
0-0: Called Strike 0-1: Ball 1-1: Fly out, F8 (Line Drive, 8RM)
|
Top of the 7th over - 0 run(s), 1 hit(s), 0 error(s), 1 left on base; District 9 5 - Texarkana 5 |
BOTTOM OF THE 7TH |
Texarkana Bears batting - Pitching for District 9 Prawns : RHP Lee Hecker
|
Now at 1B: Reynold Akker
|
|
Batting: RHB Tony Reyes
|
0-0: Ball 1-0: Called Strike 1-1: Fly out, F2 (Popup, 2R)
|
Batting: RHB Lu-fang Huie
|
0-0: Called Strike 0-1: SINGLE (Line Drive, 7LM)
|
Batting: LHB Guy Moss
|
0-0: Called Strike 0-1: Foul Ball, location: 2F 0-2: Ball 1-2: Ball 2-2: Ball 3-2: Foul Ball, location: 2F 3-2: Foul Ball, location: 2F 3-2: Foul Ball, location: 2F 3-2: Base on Balls Lu-fang Huie to second
|
Pinch Hitting: RHB Keith Ford
|
0-0: Ball 1-0: Ball 2-0: Called Strike 2-1: Ball 3-1: Foul Ball, location: 2F 3-2: Foul Ball, location: 2F 3-2: Foul Ball, location: 2F 3-2: Fly out, F8 (Flyball, 8LM)
|
Batting: RHB Gilberto López
|
0-0: Ball 1-0: Called Strike 1-1: Ball 2-1: Foul Ball, location: 2F 2-2: Ball 3-2: DOUBLE (Line Drive, 7LD) Lu-fang Huie scores Guy Moss to third Guy Moss scores
|
Batting: RHB Michael Barraclough
|
0-0: Swinging Strike 0-1: Called Strike 0-2: Strikes out swinging
|
Bottom of the 7th over - 2 run(s), 2 hit(s), 0 error(s), 1 left on base; District 9 5 - Texarkana 7 |
TOP OF THE 8TH |
District 9 Prawns batting - Pitching for Texarkana Bears : RHP Ralph Willaims
|
Now at SS: Kun Liu
|
|
Batting: SHB Rick Turner
|
0-0: Ball 1-0: Called Strike 1-1: Ball 2-1: Foul Ball, location: 2F 2-2: Ball 3-2: Ground out 4-3 (Groundball, 34)
|
Batting: LHB Terry Simpson
|
0-0: Fly out, F7 (Flyball, 7LSF)
|
Batting: RHB Felipe Jareño
|
0-0: SINGLE (Line Drive, 89S)
|
Pitching: RHP Kosami Tagawa
|
|
Batting: LHB Donnie Cunningham
|
0-0: Ball 1-0: Ground out 5-3 (Groundball, 56)
|
Top of the 8th over - 0 run(s), 1 hit(s), 0 error(s), 1 left on base; District 9 5 - Texarkana 7 |
BOTTOM OF THE 8TH |
Texarkana Bears batting - Pitching for District 9 Prawns : RHP Lee Hecker
|
Batting: RHB Billy Campbell
|
0-0: Ball 1-0: Ball 2-0: Foul Ball, location: 2F 2-1: Foul Ball, location: 2F 2-2: Foul Ball, location: 2F 2-2: Strikes out swinging
|
Pitching: RHP José Huerta
|
|
Batting: RHB Juan Rico
|
0-0: Ball 1-0: Ball 2-0: Ball 3-0: Called Strike 3-1: Base on Balls
|
Batting: LHB Tom Mullins
|
0-0: Called Strike 0-1: Foul Ball, location: 2F 0-2: Ball 1-2: Ball Juan Rico steals 2nd base 2-2: 2-RUN HOME RUN (Flyball, 7D), Distance : 399 ft
|
Batting: RHB Tony Reyes
|
0-0: Swinging Strike 0-1: Foul Ball, location: 2F 0-2: Ball 1-2: Foul Ball, location: 2F 1-2: Foul Ball, location: 2F 1-2: Ball 2-2: SINGLE (Flyball, 7S)
|
Batting: RHB Lu-fang Huie
|
0-0: Fielders Choice at 2nd, 4-6 (Groundball, 4)
|
Batting: LHB Guy Moss
|
0-0: Fly out, F9 (Flyball, 9S)
|
Bottom of the 8th over - 2 run(s), 2 hit(s), 0 error(s), 1 left on base; District 9 5 - Texarkana 9 |
TOP OF THE 9TH |
District 9 Prawns batting - Pitching for Texarkana Bears : RHP Kosami Tagawa
|
Batting: LHB Leonard Harvey
|
0-0: Foul Ball, location: 2F 0-1: Called Strike 0-2: Ball 1-2: Strikes out swinging
|
Batting: RHB Phil Jacobs
|
0-0: Foul Ball, location: 2F 0-1: Fly out, F4 (Popup, 34)
|
Batting: SHB Félix Montoya
|
0-0: Called Strike 0-1: Ball 1-1: Ball 2-1: Swinging Strike 2-2: Ball 3-2: Foul Ball, location: 2F 3-2: Fly out, F7 (Flyball, 78M)
|
Top of the 9th over - 0 run(s), 0 hit(s), 0 error(s), 0 left on base; District 9 5 - Texarkana 9 |
|